 Dungeon Crawl Stone Soup version 0.17-a0-1510-gb3fb22e (webtiles) character file.

205 urechis the Sneak (level 6, -4/37 HPs)
             Began as a Kobold Berserker on July 11, 2015.
             Was a Priest of Trog.
             Killed from afar by FooOfBar's ghost (8 damage)
             ... with a magic dart
             ... on level 3 of the Dungeon.
             The game lasted 00:04:55 (2458 turns).

urechis the Sneak (Kobold Berserker)                Turns: 2458, Time: 00:04:55

Health: -4/37      AC:  5    Str: 16    XL:     6   Next: 9%
Magic:  6/6        EV: 15    Int:  5    God:    Trog [***...]
Gold:   57         SH:  0    Dex: 17    Spells: 0 memorised, 5 levels left

rFire  . . .     SeeInvis .     a - +0 short sword
rCold  . . .     Clarity  .     d - +0 leather armour
rNeg   . . .     SustAt   .     (shield restricted)
rPois  .         Gourm    .     (no helmet)
rElec  .         Spirit   .     (no cloak)
rCorr  .         Warding  .     i - +0 pair of gloves
rMut   .         Stasis   .     (no boots)
MR     ++...                    (no amulet)
Stlth  ++++......               (no ring)
                                r - +1 ring of protection

@: lethally poisoned (-4 -> -7), regenerating, very resistant to hostile
enchantments, stealthy
A: carnivore 3
a: Burn Spellbooks, Berserk, Trog's Hand, Renounce Religion


You were on level 3 of the Dungeon.
You worshipped Trog.
Trog was most pleased with you.
You were very full.

You visited 1 branch of the dungeon, and saw 3 of its levels.

You collected 57 gold pieces.

Inventory:

Hand weapons
 a - a +0 short sword (weapon)
Missiles
 j - 4 tomahawks (quivered)
Armour
 d - a +0 leather armour (worn)
 i - a +0 pair of gloves (worn)
Jewellery
 r - a +1 ring of protection (left hand)
Scrolls
 b - a scroll of identify {unknown}
 k - a scroll of noise {unknown}
 l - 3 scrolls of teleportation {unknown}
 m - a scroll of fog {unknown}
 o - a scroll of enchant weapon {unknown}
Potions
 e - a potion of heal wounds {unknown}
 f - a potion of curing {unknown}
 g - a potion of ambrosia {unknown}
 n - a potion of cure mutation {unknown}
 p - a potion of lignification {unknown}
 t - a potion of invisibility {unknown}
Comestibles
 c - 3 meat rations
 h - a beef jerky
 s - a slice of pizza


   Skills:
 - Level 3.2 Fighting
 - Level 4.0 Short Blades
 - Level 1.5 Armour
 - Level 2.4 Dodging
 + Level 7.8 Stealth


You had 5 spell levels left.
You didn't know any spells.

Dungeon Overview and Level Annotations

Branches:
Dungeon (3/15)

Altars:
Dithmenos

Annotations:
D:3 FooOfBar's ghost, average SpCj


Innate Abilities, Weirdness & Mutations

You are small and have problems with some larger weapons.
You are carnivorous and can eat meat at any time.


Message History

FooOfBar's ghost closely misses you.
You miss FooOfBar's ghost.
You feel sick.
FooOfBar's ghost hits you but does no damage.
You are more poisoned.
You completely miss FooOfBar's ghost.
You feel less confused.
* * * LOW HITPOINT WARNING * * *
You feel sick. FooOfBar's ghost casts a spell at you. The magic dart hits you!
* * * LOW HITPOINT WARNING * * *
Use which ability? (? or * to list)
Your skin crawls.
You feel resistant to hostile enchantments.
You feel slightly less full.
* * * LOW HITPOINT WARNING * * *
You feel sick. FooOfBar's ghost casts a spell at you. The magic dart hits you!
You die...

##.....##
#.#..##.#
##...##
#.##.##.#
##'##
#.##.##.#
#.#
#.......#
#.#
####.####
#.# #.# ...
#.#
#########(#
......W@..#
###########


You could see FooOfBar's ghost.

Vanquished Creatures
  An orc priest (D:3)
  Natasha (thrice) (D:2)
  5 adders (D:2)
  3 gnolls (D:2)
  2 worms
  2 giant geckos
  2 orcs (D:3)
  4 bats
  10 hobgoblins
  2 jackals (D:1)
  3 giant cockroaches
  4 giant newts
  7 goblins
  8 kobolds
  9 rats
65 creatures vanquished.

Notes
Turn   | Place    | Note
--------------------------------------------------------------
     0 | D:1      | urechis the Kobold Berserker began the quest for the Orb.
     0 | D:1      | Reached XP level 1. HP: 14/14 MP: 1/1
    38 | D:1      | Reached skill level 1 in Stealth
   122 | D:1      | Reached XP level 2. HP: 4/19 MP: 2/2
   558 | D:1      | Reached XP level 3. HP: 23/23 MP: 3/3
   819 | D:1      | Acquired Trog's second power
   955 | D:2      | Noticed Natasha
   982 | D:2      | Killed Natasha
   982 | D:2      | Reached skill level 5 in Stealth
   982 | D:2      | Reached XP level 4. HP: 8/28 MP: 4/4
  1244 | D:2      | Noticed Natasha
  1256 | D:2      | Killed Natasha
  1663 | D:2      | Reached skill level 6 in Stealth
  1667 | D:2      | Reached XP level 5. HP: 32/32 MP: 5/5
  1822 | D:2      | Reached skill level 7 in Stealth
  1844 | D:2      | Noticed Natasha
  1853 | D:2      | Killed Natasha
  2028 | D:2      | Found a shadowy altar of Dithmenos.
  2202 | D:3      | Reached XP level 6. HP: 17/37 MP: 6/6
  2369 | D:3      | Found a faded altar to an unknown god.
  2446 | D:3      | Noticed FooOfBar's ghost (average SpCj)
  2458 | D:3      | Killed from afar by FooOfBar's ghost

Vault maps used:
D:1:      dpeg_arrival_renting
D:2:      overflow_temple_1_default, uniq_natasha
D:3:      ecumenical_altar_1, uniq_jessica

Action                   |  1- 3 |  4- 6 || total
-------------------------+-------+-------++-------
Melee: Short sword       |   110 |   141 ||   251
Invok: Berserk           |     3 |     1 ||     4
       Trog's Hand       |       |     1 ||     1
 Stab: Sleeping          |     7 |    14 ||    21
  Eat: Chunk             |     8 |     9 ||    17
